 Dungeon Crawl Stone Soup version 0.28-a0-1087-gf3fc490d9d (webtiles) character file.

Game seed: 7536749731829397886

131 RepHenryClay the Digger (level 5, 0/31 HPs)
             Began as an Octopode Earth Elementalist on Dec 10, 2021.
             Slain by a gnoll (4 damage)
             ... on level 2 of the Dungeon.
             The game lasted 00:03:36 (2424 turns).

RepHenryClay the Digger (OpEE)                      Turns: 2424, Time: 00:03:36

Health: 0/31       AC:  1    Str:  7    XL:     5   Next: 14%
Magic:  8/8        EV: 13    Int: 19    God:
Gold:   113        SH:  0    Dex: 13    Spells: 4/8 levels left

rFire   . . .      SeeInvis .   a - +1 dagger (venom)
rCold   . . .      Faith    .   (no shield)
rNeg    . . .      Spirit   .   (helmet restricted)
rPois   .          Reflect  .   (no amulet)
rElec   .          Harm     .   (no ring)
rCorr   .          Rampage  .   (no ring)
Will    .....                   (no ring)
Stlth   +++.......              (no ring)
HPRegen 0.10/turn               (no ring)
MPRegen 0.11/turn               (no ring)
                                (no ring)
                                (no ring)

@: flying
A: almost no armour, amphibious, 8 rings, camouflage 1, gelatinous body 1,
(nimble swimmer 1), tentacles
a: no special abilities


You were on level 2 of the Dungeon.
You visited 1 branch of the dungeon, and saw 3 of its levels.

You collected 113 gold pieces.

Inventory:

Hand Weapons
 a - a +1 dagger of venom (weapon)
Missiles
 b - 100 stones
 o - a throwing net
Armour
 e - a +0 buckler
Jewellery
 j - a ring of positive energy
Scrolls
 c - 2 scrolls of torment {unknown}
 d - a scroll of identify {unknown}
 f - a scroll of magic mapping {unknown}
 g - 2 scrolls of teleportation {unknown}
 h - a scroll of enchant armour {unknown}
 k - a scroll of fear {unknown}
 l - a scroll of amnesia {unknown}
Potions
 i - a potion of curing {unknown}
 m - a potion of flight
 n - a potion of degeneration {unknown}
 p - a potion of heal wounds {unknown}


   Skills:
 - Level 2.0 Dodging
 - Level 2.6 Stealth
 - Level 2.0 Spellcasting
 + Level 3.5 Conjurations
 - Level 1.0 Transmutations
 - Level 4.1 Earth Magic


You had 4 spell levels left.
You knew the following spells:

 Your Spells              Type           Power      Damage    Failure   Level
a - Sandblast             Erth           34%        2d9       3%          1
b - Stone Arrow           Conj/Erth      32%        3d9       11%         3

Your spell library contained the following spells:

 Spells                   Type           Power      Damage    Failure   Level
 Passwall                 Tmut/Erth      9%         N/A       9%          2
 Petrify                  Tmut/Erth      11%        N/A       50%         4


Dungeon Overview and Level Annotations

Branches:
Dungeon (3/15)

Altars:

Shops:
D:1 (


Innate Abilities, Weirdness & Mutations

You cannot wear most types of armour.
You are amphibious.
You can wear up to eight rings at the same time.
Your skin changes colour to match your surroundings (Stealth+).
Your rubbery body absorbs attacks. (AC +1, EV +1)
((You are camouflaged near water. (Stealth+)))
You have tentacles for arms and can constrict up to eight enemies at once.


Message History

You have reached level 5!
You feel agile.
You closely miss the gnoll. Your grab misses the gnoll.
The gnoll is heavily wounded.
The gnoll hits you with a +0 whip!
Huge Dmg: -32%(-10hp) hp: 59%(18hp)
You hit the gnoll.
The gnoll is poisoned.
You grab the gnoll.
The gnoll is heavily wounded.
You constrict the gnoll. The gnoll misses you.
You hit the gnoll.
The gnoll looks as sick as possible!
The gnoll is severely wounded.
You constrict the gnoll, but do no damage.
You kill the gnoll!
Unknown command.
You barely miss the gnoll. You grab the gnoll. You constrict the gnoll.
The gnoll hits you with a +0 flail!
* * * LOW HITPOINT WARNING * * *
Huge Dmg: -26%(-8hp) hp: 33%(10hp)
You release your grip on the gnoll.
There is a stone staircase leading up here.
The gnoll hits you with a +0 flail!
* * * LOW HITPOINT WARNING * * *
You climb upwards.
There is a stone staircase leading down here.
Huge Dmg: -32%(-10hp) hp: 4%(1hp) Unknown command.
Press: ? - help, v - describe, . - travel
Here: a gnoll, wielding a +0 flail The floor.
Unknown command.
Okay, then.
Things that are here:
a +0 ring mail; a +0 short sword You see here a +0 mace.
It was a potion of flight.
You feel very buoyant.
You fly up into the air.
The gnoll barely misses you.
Unknown command.
The gnoll hits you with a +0 flail.
You die...

#.#.......# #....#.#
#.#.#####.# ######.#.##
..#[#####.#######.........##
######........##..####..#..#
.....[........##.##..##.##.#
#####.........##.#...)#..#.#
#.........##.#..#....#.##
##........#..##.##..##..#
###......).g@#..####...#
#.#####..............# #.#
#...##.#######.# #.#
#...##.# #.# #.# #...##.#
#.# #.#####...##.#######.#
#.#.......#.......##.# ##
#.#.####..######.###.# .#
#.#.# #..# ####.# #.#


You could see a gnoll.

Vanquished Creatures
  Terence (D:2)
  5 gnolls (D:3)
  A dart slug (D:3)
  4 endoplasms
  5 giant cockroaches
  6 goblins
  3 hobgoblins
  4 jackals (D:2)
  4 quokkas
  4 ball pythons
  4 bats
  4 frilled lizards
  4 kobolds
  5 rats
54 creatures vanquished.

Vanquished Creatures (others)
  2 plants (D:2)
2 creatures vanquished.

Grand Total: 56 creatures vanquished

Notes
Turn   | Place    | Note
-------+----------+-------------------------------------------
     0 | D:1      | RepHenryClay the Octopode Earth Elementalist began the
                  | quest for the Orb.
     0 | D:1      | Reached XP level 1. HP: 11/11 MP: 3/3
   238 | D:1      | Found Togriwutog's Antique Weapon Shop.
   406 | D:1      | Found a faded altar of an unknown god.
   420 | D:1      | You fall into a shaft and drop 1 floor!
   422 | D:2      | Reached XP level 2. HP: 16/17 MP: 5/5
   827 | D:2      | Reached skill level 4 in Earth Magic
   916 | D:2      | Reached XP level 3. HP: 21/21 MP: 6/6
  1014 | D:2      | Learned a level 3 spell: Stone Arrow
  1015 | D:2      | Noticed Terence
  1024 | D:2      | Killed Terence
  1025 | D:2      | Reached skill level 1 in Conjurations
  1118 | D:2      | Reached XP level 4. HP: 14/27 MP: 7/7
  2382 | D:3      | Reached XP level 5. HP: 28/31 MP: 8/8
  2393 | D:3      | HP: 1/31 [gnoll (10)]
  2424 | D:2      | Slain by a gnoll

Illustrated notes

Levels and vault maps discovered:
D:1:      dpeg_arrival_rooms_b, layout_loops_ring, serial_shops, shop,
          shapermc_ecumenical_altar_mp_ritualfount
D:2:      layout_basic, serial_bayou_pond_a, minmay_tree_intersection,
          minmay_close_crescents, uniq_terence
D:3:      layout_basic, minmay_distorted

Skill      XL: |  1  2  3  4 |
---------------+-------------+-----
Earth Magic    | 4 |  4.1
Conjurations   | 2 3 |  3.5
Dodging        | |  2.0
Stealth        | |  2.6
Spellcasting   | |  2.0
Transmutations | |  1.0

Action                   |  1- 3 |  4- 6 || total
-------------------------+-------+-------++-------
Melee: Dagger            |    37 |    46 ||    83
       Constrict         |    11 |    15 ||    26
       Tentacles         |     4 |     8 ||    12
 Cast: Sandblast         |     7 |     7 ||    14
       Stone Arrow       |     2 |       ||     2
  Use: Potion            |       |     1 ||     1
 Stab: Sleeping          |    10 |     6 ||    16
Armor: Skin              |     3 |     2 ||     5
Dodge: Dodged            |    15 |    24 ||    39

Table legend: (Time is in decaauts)
 A = Elapsed time spent in this place.
 B = Non-inter-level travel time spent in this place.
 C = Inter-level travel time spent in this place.
 D = Time resting spent in this place.
 E = Time spent auto-exploring this place.
 F = Levels seen in this place.
 G = Mean time per level.
                   A        B        C        D        E       F      G
               +--------+--------+--------+--------+--------+-----+--------+
         Total |   2425 |   2367 |     58 |    339 |   1577 |   3 |  808.3 |
       Dungeon |   2425 |   2367 |     58 |    339 |   1577 |   3 |  808.3 |
               +--------+--------+--------+--------+--------+-----+--------+

Top non-repeatable levels by time:
     D:2: 1193 daAuts
     D:1: 741 daAuts
     D:3: 491 daAuts
